 Dungeon Crawl Stone Soup version 0.27.1-4-g1640c2035a (webtiles) character file.

Game seed: 2537805155433721533

87 pkoi the Ruffian (level 4, -1/35 (36) HPs)
             Began as a Draconian Gladiator on Nov 11, 2021.
             Slain by Crazy Yiuf (9 damage)
             ... on level 2 of the Dungeon.
             The game lasted 00:02:36 (2446 turns).

pkoi the Ruffian (Draconian Gladiator)              Turns: 2446, Time: 00:02:36

HP:   -1/35 (36)    AC:  5    Str: 16    XL:     4   Next: 28%
MP:   4/4           EV: 12    Int:  9    God:
Gold: 94            SH:  0    Dex: 13    Spells: 3/3 levels left

rFire    . . .     SeeInvis .   j - +0 dagger (venom)
rCold    . . .     Faith    .   (no shield)
rNeg     . . .     Spirit   .   (armour unavailable)
rPois    .         Reflect  .   a - +0 hat
rElec    .         Harm     .   (no cloak)
rCorr    .         Rampage  .   (no gloves)
Will     .....                  (no boots)
Stlth    +.........             (no amulet)
HPRegen  0.11/turn              (no ring)
MPRegen  0.09/turn              (no ring)

@: lightly drained
A: AC +5, unfitting armour, cold-blooded
a: no special abilities


You were on level 2 of the Dungeon.
You visited 1 branch of the dungeon, and saw 2 of its levels.

You collected 94 gold pieces.

Inventory:

Hand Weapons
 j - a +0 dagger of venom (weapon)
Missiles
 b - 3 throwing nets (quivered)
Armour
 a - a +0 hat (worn)
 c - a +2 kite shield
Scrolls
 d - a scroll of enchant weapon {unknown}
 e - a scroll of identify {unknown}
 g - a scroll of acquirement {unknown}
 k - 2 scrolls of magic mapping {unknown}
Potions
 f - 2 potions of curing {unknown}
 h - a potion of cancellation {unknown}
 i - a potion of attraction {unknown}


   Skills:
 - Level 2.1 Fighting
 - Level 1.7 Throwing
 - Level 2.6 Dodging
 + Level 5.1 Unarmed Combat


You had 3 spell levels left.
You didn't know any spells.
Your spell library contained the following spells:

 Spells                   Type           Power      Damage    Failure   Level
 Magic Dart               Conj           0%         1d3       38%         1
 Shock                    Conj/Air       0%         1d3       38%         1
 Searing Ray              Conj           0%         3d3       52%         2
 Swiftness                Air            0%         N/A       77%         3
 Airstrike                Air            0%         N/A       99%         4
 Fulminant Prism          Conj/Hex       0%         3d6       99%         4


Dungeon Overview and Level Annotations

Branches:
Dungeon (2/15)

Altars:
Nemelex Xobeh

Shops:
D:1 (

Annotations:
D:2 Crazy Yiuf


Innate Abilities, Weirdness & Mutations

Your plain brown scales are hard. (AC +5)
You cannot fit into any form of body armour.
You are cold-blooded and may be slowed by cold attacks.


Message History

You kill the kobold!
Things that are here:
a +0 dagger; 3 stones; a kobold corpse No target in view!
No target in view!
You see here 13 stones.
You see here 13 stones.
Found a mace.
Found a runed translucent door.
Crazy Yiuf shouts!
You see here a +0 mace.
You see here a +0 mace.
You see here 13 stones.
Key pressed, stopping explore.
Crazy Yiuf grits, "Rifle!"
Could not explore, unopened runed door.
Could not explore, unopened runed door.
Could not explore, unopened runed door.
You open the door.
Crazy Yiuf laughs, "Rifle sallow eyeball!"
You hit Crazy Yiuf but do no damage.
Crazy Yiuf is poisoned.
Crazy Yiuf screams, "Leather sing ragdoll!"
Crazy Yiuf misses you.
You closely miss Crazy Yiuf.
Crazy Yiuf says, "Crazy?
Crazy!?
PORCUPINE!"
Crazy Yiuf misses you.
You barely miss Crazy Yiuf.
Crazy Yiuf is lightly wounded.
Crazy Yiuf hits you with a +4 quarterstaff of chaos.
You feel drained.
You hit Crazy Yiuf.
Crazy Yiuf is lightly wounded.
Crazy Yiuf hits you with a +4 quarterstaff of chaos!
* * * LOW HITPOINT WARNING * * *
You feel yourself slow down. Crazy Yiuf freezes you!
* * * LOW HITPOINT WARNING * * *
You barely miss Crazy Yiuf. You punch Crazy Yiuf, but do no damage.
Crazy Yiuf is moderately wounded.
You feel yourself speed up.
Crazy Yiuf hits you with a +4 quarterstaff of chaos!
You die...

##### ....#########
##### .....>......#
#..)# .........####
#...# ##<#.....# ...
##.#..≈≈.## #'#
##.#..⌠...### ♣♣g♣
##...≈≈≈.(..# ♣@♣♣
...#.....#.## ♣♣.♣
##.###....#.# ♣.♣♣
##.#####.#.## ♣♣.♣♣
.........#.# ♣...♣♣
.........#.# ♣....♣
##...#####.# #....#
####.#####.####....#####
#........|...#.#...#.#.#


You could see Crazy Yiuf (poisoned).

Vanquished Creatures
  Jessica (D:2)
  2 adders (D:2)
  A worm (D:2)
  A ball python (D:1)
  7 endoplasms
  3 giant cockroaches
  3 goblins
  A hobgoblin (D:2)
  5 kobolds
  A quokka (D:2)
  5 bats
  A frilled lizard (D:1)
  11 rats
42 creatures vanquished.

Notes
Turn   | Place    | Note
-------+----------+-------------------------------------------
     0 | D:1      | pkoi the Draconian Gladiator began the quest for the Orb.
     0 | D:1      | Reached XP level 1. HP: 17/17 MP: 1/1
    35 | D:1      | Found Zomyatz's Antique Weapon Shoppe.
   500 | D:1      | Found a faded altar of an unknown god.
   574 | D:1      | Reached XP level 2. HP: 17/24 MP: 2/2
   871 | D:1      | Reached skill level 4 in Unarmed Combat
  1192 | D:2      | Reached XP level 3. HP: 12/29 MP: 3/3
  1196 | D:2      | Noticed Jessica
  1223 | D:2      | HP: 1/29 [Jessica/nerve-wracking pain (11)]
  1226 | D:2      | Killed Jessica
  1606 | D:2      | Reached XP level 4. HP: 10/36 MP: 4/4
  1837 | D:2      | Reached skill level 5 in Unarmed Combat
  1997 | D:2      | Found a sparkling altar of Nemelex Xobeh.
  2362 | D:2      | Found a runed translucent door.
  2363 | D:2      | Noticed Crazy Yiuf
  2446 | D:2      | Slain by Crazy Yiuf

Illustrated notes

Levels and vault maps discovered:
D:1:      ebering_hopf_link, layout_rooms, serial_shops, shop,
          shapermc_ecumenical_altar_notcrosses, minmay_tree_intersection,
          minmay_rat_gold_closets
D:2:      layout_loops_ring, basic_altar, corexii_leaking_fountain,
          uniq_crazy_yiuf_cottage, uniq_jessica

Skill      XL: |  1  2  3  4 |
---------------+-------------+-----
Unarmed Combat | 4 5 |  5.1
Fighting       | |  2.1
Throwing       | |  1.7
Dodging        | |  2.6

Action                   |  1- 3 |  4- 6 || total
-------------------------+-------+-------++-------
Melee: Unarmed           |    65 |       ||    65
       Tailslap          |    10 |     2 ||    12
       Dagger            |    40 |    29 ||    69
       Punch             |       |     3 ||     3
 Stab: Sleeping          |     1 |     1 ||     2
Armor: Skin              |    22 |    10 ||    32
Dodge: Dodged            |    74 |    14 ||    88
